Cogmind - Beta 10.2 @@@ ROGUE MODE // 2022.02.17 @ 01:51:48 Player: Conner Result: Destroyed by G-34 Mercenary with Small Laser Performance ------------- Evolutions (1) 500 Regions Visited (3) 600 Robots Destroyed (30) 150 Value Destroyed (744) 744 Prototype IDs (4) 80 Alien Tech Used (0) 0 Bonus (0) 0 TOTAL SCORE: 2074 Bonus ------- None Cogmind --------- Core Integrity 0/400 Matter 250/300 Energy 100/100 System Corruption 0% Temperature Cool (6) Movement Core (50) Location -9/Materials Parts ------- > --- POWER (1) -------- (None) > --- PROPULSION (2) --- (None) > --- UTILITY (4) ------ (None) > --- WEAPON (2) ------- (None) > --- INVENTORY (4) ---- Ion Engine Light Ion Engine Heat Sink Utility Shielding Peak State ------------ > --- POWER ------------ Improved Ion Engine > --- PROPULSION ------- Wheel Compact Wheel > --- UTILITY ---------- Large Storage Unit Improved Signal Interpreter Improved Terrain Scanner > --- WEAPON ----------- Beam Rifle Beam Rifle > --- INVENTORY -------- Ion Engine Light Ion Engine Light Ion Engine Light Ion Engine Heat Sink Heat Sink Large Storage Unit Sensor Array Utility Shielding Grenade Launcher [Rating: 14] Favorites ----------- Power Ion Engine Engine Ion Engine Propulsion Wheel Wheel Wheel Utility Improved Signal Interpreter Device Improved Terrain Scanner Storage Large Storage Unit Processor Improved Signal Interpreter Protection Utility Shielding Weapon Light Cannon Energy Gun Heavy EM Pulse Gun Ballistic Gun Assault Rifle Ballistic Cannon Light Cannon Launcher Grenade Launcher Build | -11 -10 -10 -9 ------- Run | Scr Mat Min Mat Slots Evolved 2 | . . . 2 Power . | . . . . Propulsion . | . . . . Utility 2 | . . . 2 Weapon . | . . . . Parts Attached 33 | 5 7 16 5 Power 5 | 1 1 2 1 Engine 5 | 1 1 2 1 Core . | . . . . Reactor . | . . . . Propulsion 9 | 2 . 7 . Treads . | . . . . Leg . | . . . . Wheel 9 | 2 . 7 . Hover . | . . . . Flight . | . . . . Utility 4 | . 2 . 2 Device 1 | . . . 1 Storage 1 | . 1 . . Processor 1 | . 1 . . Hackware . | . . . . Protection 1 | . . . 1 Artifact . | . . . . Weapon 15 | 2 4 7 2 Energy Gun 10 | 2 2 6 . Energy Cannon . | . . . . Ballistic Gun 3 | . 1 1 1 Ballistic Cannon 1 | . 1 . . Launcher 1 | . . . 1 Special Weapon . | . . . . Impact Weapon . | . . . . Slashing Weapon . | . . . . Piercing Weapon . | . . . . Special Melee Weapon . | . . . . Unidentified Prototypes . | . . . . Parts Lost 19 | . 2 8 9 Power 3 | . . 1 2 Propulsion 5 | . . 3 2 Utility 1 | . . . 1 Weapon 10 | . 2 4 4 Highest Loss Streak 9 | . 2 5 9 Average Slot Usage (%) 88 | . 94 88 63 Engine 13 | . 14 13 6 Wheel 22 | . 28 18 14 Storage 11 | . 10 14 9 Processor 13 | . 12 14 9 Energy Gun 16 | . 18 15 12 Ballistic Gun 2 | . 4 . . Ballistic Cannon 7 | . 5 10 . Naked Turns 29 | . . . 29 Heaviest Build 31 | 7 27 29 31 Greatest Support 26 | 20 20 26 26 Greatest Overweight (x) 8 | 1 1 8 6 Average Overweight (x) 1 | . . 1 . Largest Inventory Capacity 10 | 4 10 10 10 Average Capacity 9 | 4 8 10 9 Most Carried 10 | 2 10 10 10 Average Carried 8 | . 7 9 8 Final Capacity 10 | 4 10 10 4 Final Carried 10 | 2 10 10 4 Class Distribution -------------------- 84% | Mutant 15% | Scavenger-Mutant Dominant Class ---------------- Mutant | -10/Materials Mutant | -10/Mines Mutant | -9/Materials Resources | -11 -10 -10 -9 ----------- Run | Scr Mat Min Mat Matter Collected 714 | 223 159 332 . Remotely . | . . . . Salvage Created 857 | . 387 427 43 Parts 61 | . 21 30 10 Haulers Intercepted . | . . . . Recyclers Shooed 2 | . . 2 . Parts Field Recycled . | . . . . Retrieved Matter . | . . . . Parts Self-Destructed . | . . . . Prevented . | . . . . Kills | -11 -10 -10 -9 ------- Run | Scr Mat Min Mat Combat Hostiles Destroyed 23 | . 10 7 6 Guns 12 | . 6 5 1 Cannons 3 | . 1 2 . AOE 8 | . 3 . 5 Classes Destroyed 8 | . 3 4 1 Tunneler 4 | . . 4 . Recycler 2 | . . 2 . Watcher 1 | . 1 . . Swarmer 9 | . 3 2 4 Grunt 10 | . 7 2 1 Brawler 1 | . . . 1 Sentry 2 | . . 2 . Demolisher 1 | . . 1 . Best Kill Streak 6 | . 4 3 6 Combat Bots Only 6 | . 4 2 6 Max Kills in Single Turn 3 | . 3 1 3 Gunslinging . | . . . . Exploded 3 | . 3 . 3 Melee . | . . . . Uniques/NPCs Destroyed . | . . . . Combat | -11 -10 -10 -9 -------- Run | Scr Mat Min Mat Damage Taken 1894 | . 255 725 914 Core 637 | . 34 200 403 Absorbed by Shields . | . . . . Core Remaining (%) 53 | 100 . 6 . Volleys Fired 102 | . 28 56 18 Largest 2 | . 2 2 2 Hottest 112 | . 90 112 112 Shots Fired 173 | . 56 94 23 Gun 107 | . 40 49 18 Cannon 61 | . 16 45 . Launcher 5 | . . . 5 Special . | . . . . Kinetic 84 | . 24 52 8 Thermal 52 | . . 42 10 Explosive 5 | . . . 5 Electromagnetic 32 | . 32 . . Robot Hit Streak 10 | . 10 7 6 Robot Miss Streak 4 | . 3 4 4 Penetration Max . | . . . . Secondary Targets . | . . . . Shots Hit Robots 96 | . 33 48 15 Core Hits 50 | . 16 20 14 Critical Hits 3 | . . 2 1 Critical Kills . | . . . . Critical Parts Destroyed 3 | . . 2 1 Melee Attacks . | . . . . Impact . | . . . . Slashing . | . . . . Piercing . | . . . . Sneak Attacks . | . . . . Combat Hostiles . | . . . . Follow-up Attacks . | . . . . Damage Inflicted 2111 | . 741 776 594 Guns 836 | . 339 378 119 Cannons 544 | . 146 398 . Explosions 713 | . 256 . 457 Melee . | . . . . Ramming 18 | . . . 18 Kinetic 689 | . 209 432 48 Thermal 544 | . 129 344 71 Explosive 457 | . . . 457 Electromagnetic 403 | . 403 . . Impact . | . . . . Slashing . | . . . . Piercing . | . . . . Highest Corruption . | . . . . Average Corruption . | . . . . Corruption Purged . | . . . . Overload Shots . | . . . . Overflow Damage 49 | . 18 13 18 Projectiles 13 | . . 13 . Explosions 36 | . 18 . 18 Melee . | . . . . Knockbacks 10 | . 2 8 . Impact . | . . . . Kinetic 10 | . 2 8 . Secondary . | . . . . Self-Inflicted Damage 138 | . 16 . 122 Shots 5 | . 1 . 4 Rammed 6 | . . . 6 Targets Rammed 6 | . . . 6 Kicked . | . . . . Crushed . | . . . . Highest Temperature 188 | . 188 144 178 Average Temperature 56 | . 81 38 74 Received Heat Transfer 528 | . 120 156 252 Siege Activations . | . . . . Robots Corrupted . | . . . . Combat Hostiles . | . . . . Parts Fried 1 | . 1 . . Impact Corruptions . | . . . . Robots Melted . | . . . . Combat Hostiles . | . . . . Parts Melted . | . . . . Heat Transferred 1263 | . 150 928 185 Parts Sabotaged . | . . . . Parts Stolen . | . . . . Parts Stripped . | . . . . Power Chain Reactions 3 | . 3 . . Missiles Intercepted . | . . . . Alert | -11 -10 -10 -9 ------- Run | Scr Mat Min Mat Peak Influence 249 | . 249 185 197 Initial 82 | . . 82 72 Average 104 | . 113 97 123 Maximum Alert Level 1 | . 1 . . Low Security (%) 93 | 100 83 100 100 Level 1 6 | . 16 . . Level 2 . | . . . . Level 3 . | . . . . Level 4 . | . . . . Level 5 . | . . . . High Security . | . . . . Max Security . | . . . . Squads Dispatched 2 | . 2 . . Investigation 2 | . 2 . . Extermination . | . . . . Reinforcement . | . . . . Assault . | . . . . Garrison . | . . . . Intercept . | . . . . Construction Impeded . | . . . . Haulers Reinforced . | . . . . Stealth | -11 -10 -10 -9 --------- Run | Scr Mat Min Mat Distress Signals . | . . . . Communications Jammed . | . . . . Distress Signals . | . . . . Times Spotted 43 | . 20 12 11 Peak Tracking Total 7 | . 5 4 7 Tactical Retreats 5 | . 2 2 1 Traps | -11 -10 -10 -9 ------- Run | Scr Mat Min Mat Traps Triggered 2 | . 2 . . Indirectly . | . . . . Trap Hack Attempts . | . . . . Triggered . | . . . . Disarmed . | . . . . Reprogrammed . | . . . . Reused . | . . . . Traps Extracted . | . . . . Installed . | . . . . Triggered . | . . . . Machines | -11 -10 -10 -9 ---------- Run | Scr Mat Min Mat Machines Disabled 4 | . 2 1 1 Max in Single Turn 2 | . 2 1 1 Machines Sabotaged . | . . . . Garrisons Compromised . | . . . . Overloaded Fab Kills . | . . . . Fab Network Shutdowns . | . . . . Hacking | -11 -10 -10 -9 --------- Run | Scr Mat Min Mat Machines Accessed 8 | . 8 . . Terminals 7 | . 7 . . Fabricators . | . . . . Repair Stations . | . . . . Recycling Units 1 | . 1 . . Scanalyzers . | . . . . Garrison Access . | . . . . Total Hacks 29 | . 29 . . Successful 17 | . 17 . . Failed 12 | . 12 . . Catastrophic . | . . . . Database Lockouts . | . . . . Manual 26 | . 26 . . Terminals 28 | . 28 . . Fabricators . | . . . . Repair Stations . | . . . . Recycling Units 1 | . 1 . . Scanalyzers . | . . . . Garrison Access . | . . . . Terminal Hacks 7 | . 7 . . Robot Analysis 1 | . 1 . . Prototype ID Bank 2 | . 2 . . Terminal Index 3 | . 3 . . Zone Layout 1 | . 1 . . Fabricator Hacks . | . . . . Repair Station Hacks . | . . . . Recycling Unit Hacks . | . . . . Scanalyzer . | . . . . Garrison Access Hacks . | . . . . Unauthorized Hacks 10 | . 10 . . Terminals 9 | . 9 . . Track 1 | . 1 . . Botnet 6 | . 6 . . Operators 2 | . 2 . . Fabricators . | . . . . Repair Stations . | . . . . Recycling Units 1 | . 1 . . Reject 1 | . 1 . . Scanalyzers . | . . . . Garrison Access . | . . . . Data Cores Recovered . | . . . . Used . | . . . . Hacking Detections 7 | . 7 . . Full Trace Events 1 | . 1 . . Feedback Events . | . . . . Feedback Blocked . | . . . . Robot Schematics Acquired . | . . . . Robots Built . | . . . . Matter . | . . . . Time . | . . . . Total Robot Build Rating . | . . . . Part Schematics Acquired . | . . . . Parts Built . | . . . . Matter . | . . . . Time . | . . . . Total Part Build Rating . | . . . . Parts Repaired . | . . . . Time . | . . . . Parts Recycled . | . . . . Recycled Matter . | . . . . Retrieved Matter . | . . . . Retrieved Components . | . . . . Parts Scanalyzed . | . . . . Part Schematics Acquired . | . . . . Parts Damaged . | . . . . Bothacking | -11 -10 -10 -9 ------------ Run | Scr Mat Min Mat Used RIF Installer . | . . . . Robots Hacked . | . . . . Non-combat . | . . . . Combat . | . . . . Robot Hacks Applied . | . . . . Relay Couplers Released . | . . . . Robots Rewired . | . . . . Allies Hacked . | . . . . Hacks Repelled . | . . . . Allies | -11 -10 -10 -9 -------- Run | Scr Mat Min Mat Total Allies . | . . . . Largest Group . | . . . . Highest-Rated Group . | . . . . Highest-Rated Ally . | . . . . Total Orders . | . . . . Ally Attacks . | . . . . Total Damage . | . . . . Kills . | . . . . Allies Corrupted . | . . . . Allies Melted . | . . . . Intel | -11 -10 -10 -9 ------- Run | Scr Mat Min Mat Robot Analysis Total 1 | . 1 . . Derelict Logs Recovered 1 | . . 1 . Drone Launches . | . . . . Drone Recoveries . | . . . . Exploration | -11 -10 -10 -9 ------------- Run | Scr Mat Min Mat Turns Passed 1698 | 42 680 781 195 Spaces Moved 1364 | 40 650 539 135 Core 69 | 7 . 8 54 Treads . | . . . . Legs . | . . . . Wheels 1295 | 33 650 531 81 Hover . | . . . . Flight . | . . . . Fastest Speed 50 | 50 80 90 50 Average Speed 93 | 81 86 102 94 Slowest Speed 450 | 100 90 450 350 Overloaded Moves . | . . . . Propulsion Burnouts . | . . . . Robots Hopped . | . . . . Cave-ins Triggered . | . . . . Exploration Rate (%) 48 | 3 92 89 10 Regions Visited 3 Branch Regions 1 Pre-discovered Areas 2 | . . 2 . Known Exits Taken 2 | . 1 1 . Unknown Exits Taken 1 | 1 . . . Scrap Searched 1 | . . 1 . Spaces Dug . | . . . . Terrain Destroyed 27 | . 4 . 23 Melee . | . . . . Projectile . | . . . . AOE 27 | . 4 . 23 Terrain Rammed . | . . . . Walls Destroyed . | . . . . Machines Disabled . | . . . . Actions | -11 -10 -10 -9 --------- Run | Scr Mat Min Mat Total 1625 | 46 719 682 178 Wait 62 | . 8 44 10 Move 1361 | 39 649 538 135 Hop . | . . . . Pick Up 31 | 2 17 12 . Fast Attach 17 | 5 2 6 4 Attach 6 | . 2 3 1 Detach 2 | . . . 2 Swap 10 | . 3 7 . Drop 28 | . 10 16 2 Fire 102 | . 28 56 18 Melee . | . . . . Ram 6 | . . . 6 Kick . | . . . . Crush . | . . . . Escape Stasis . | . . . . Rewire . | . . . . Trap . | . . . . Miscellaneous . | . . . . Route ------- -11/Scrapyard -10/Materials (discovered 5 exits: *Mat x3 / *Min x2) -10/Mines (discovered 2 exits: *Mat x2) -9/Materials History --------- Turn | Location | Event 12 | -11/Scrapyard | Discovered new exit (range 16) 43 | -11/Scrapyard | Entered Materials 56 | -10/Materials | Discovered new exit (range 16) 166 | -10/Materials | Identified exit to Mines 243 | -10/Materials | Discovered new exit (range 4) 318 | -10/Materials | Build established: Mutant 353 | -10/Materials | Discovered new exit (range 15) 444 | -10/Materials | Discovered exit to Mines (range 7) 553 | -10/Materials | Discovered new exit (range 10) 723 | -10/Materials | Entered Mines 724 | -10/Mines | Assembled infested the area 732 | -10/Mines | Learned location of Storage (-8) 772 | -10/Mines | Core integrity fell below 50% 804 | -10/Mines | Lost 5 parts (1p2n2w) 920 | -10/Mines | Discovered new exit (range 9) 1309 | -10/Mines | Core integrity fell below 20% 1491 | -10/Mines | Discovered new exit (range 10) 1503 | -10/Mines | Identified exit to Materials 1504 | -10/Mines | Entered Materials 1504 | -9/Materials | Evolved 2 slots: Utility x2 1668 | -9/Materials | Core integrity fell below 50% 1679 | -9/Materials | Lost 9 parts (2p2n1u4w) 1693 | -9/Materials | Core integrity fell below 20% 1699 | -9/Materials | Destroyed by G-34 Mercenary with Small Laser Last Messages --------------- 01612_ Imp. Ion Engine destroyed. 01613_ S-10 Pest destroyed. 01613_ Knocked back. 01615_ G-34 Mercenary destroyed. 01619_ Grenade Launcher destroyed. 01623_ Acquired Lgt. Assault Rifle. 01625_ Imp. Terrain Scanner destroyed. 01625_ Knocked back. 01632_ B-36 Bruiser suffers critical hit. 01632_ Destroyed Lgt. Treads. 01634_ B-36 Bruiser destroyed. 01639_ Lgt. Assault Rifle destroyed. 01642_ Acquired Lgt. Ion Engine. 01643_ Com. Wheel destroyed. 01648_ Lgt. Ion Engine destroyed. 01666_ Slammed into L-31 Rogue. 01669_ Discarded Imp. Signal Interpreter. 01670_ Dropped Lrg. Storage Unit. 01677_ R-06 Scavenger collects Lrg. Storage Unit. 01689_ Slammed into G-34 Mercenary. Map ----- +----------------------------------------------------+ | ?????????????????????????????????????????????????? | | ?????????????????????????????????????????????????? | | ?????????????????????????????????????????????????? | | ?????????????????????????????????"???????????????? | | ???????????????????????????????#?????????????????? | | ???????????????????????????????###???????????????? | | ???????????????????????????????# ??????????????? | | ???????????????????????????????# ""???#???????#? | | ???????????????????????????????# """"" #????????? | | ???????????????????????????????# """"" #????????? | | ???????????????????????????????# """"" #???#????# | | ????????????????????????######## """ #????????? | | ????????????????????????#!!!!!!# #????#???? | | ????????????????????????#!!!!!!# ???####### | | ????????????????????????# #? !??#### | | ????????????????????##### ####+######## % = | | ???????????????????? #### | | ??????????????????? !*! "" | | ??????????????????? !!! ###! "" | | ?????????????????????##### !!! #?# " | | ????????????????????????## !!! #?# | | ????????????????????????#" #?# | | ????????????????????????#T #?### | | ????????????????????????#" ##### | | ?????????????????????##### = = | | ?????????????????????+ @ [[[ l | | ?????????????????????##### [[[ g! | | ?????????????????????????# [[ g | | ?????????????????????????##########+############## | | ????????????????????????????# """"" """"" ??#????? | | ????????????????????????????# """"" """"" #??????? | | ????????????????????????????# """"" """"" #??????? | | ????????????????????????????# #??????? | | ????????????????????????????# #??????? | | ????????????????????????????# #??????? | | ????????????????????????????###############??????? | | | | | | | | | | | | | | | | | | | | | | | | | | | | | +----------------------------------------------------+ Best States ------------- Heat Dissipation 28 Energy Generation 12 Energy Capacity 265 Matter Stores 300 Matter Capacity 300 Sight Range 16 Terrain Scan Range 16 Terrain Scan Density 10 Utility Shielding 33 Evasion (%) 50 Item Schematics ----------------- None Robot Schematics ------------------ None Fabricated ------------ Nothing Alien Tech Used ----------------- None Achievements -------------- None Challenges ------------ None Game ------ Seed FlyingSigixStripper Manual? 0 Play Time 00:15:14 Cumulative 47.1 hours Start 2022.02.17 @ 01:38:00 End 2022.02.17 @ 01:51:48 Sessions 1 Manual Loads 0 Difficulty Rogue Special Mode None Game No. 83 Rogue 83 Adventurer 0 Explorer 0 Win Type - Total 0 Types 0/0/0/0/0/0/0/0/0 Lore% 53 Gallery% 52 Achievement% 41 Wizard Run 0 Options --------- ASCII 0 Keyboard 1 Movement Numpad Keybinds 0 Fullscreen 1 Font 24/Smallcaps Map View 76x50 Tactical HUD 1 Map Filters NONE Filters NONE Steam 1 RUN: 4ef974f6-3c24-4902-bd86-d5801de8e1a7